 Dungeon Crawl Stone Soup version 0.17.0-28-g6e173f8 (webtiles) character file.

454 lorenzova the Magician (level 6, 0/32 HPs)
             Began as a Deep Elf Conjurer on Nov 29, 2015.
             Slain by a gnoll
             ... wielding a +0 halberd
              (11 damage)
             ... on level 4 of the Dungeon.
             The game lasted 00:07:00 (3332 turns).

lorenzova the Magician (Deep Elf Conjurer)          Turns: 3332, Time: 00:07:00

Health: 0/32       AC:  2    Str:  5    XL:     6   Next: 76%
Magic:  2/18       EV: 13    Int: 22    God:
Gold:   137        SH:  0    Dex: 15    Spells: 2 memorised, 14 levels left

rFire  . . .     SeeInvis .     v - +0 quarterstaff
rCold  . . .     Clarity  .     a - +0 robe
rNeg   . . .     SustAt   .     (shield currently unavailable)
rPois  .         Gourm    .     (no helmet)
rElec  .         Spirit   .     (no cloak)
rCorr  .         Warding  .     (no gloves)
rMut   .         Stasis   .     (no boots)
MR     .....                    (no amulet)
Stlth  ++........               (no ring)
                                (no ring)

@: very slightly contaminated, not resistant to hostile enchantments, unstealthy
A: no striking features
a: no special abilities


You were on level 4 of the Dungeon.
You were not hungry.

You visited 1 branch of the dungeon, and saw 4 of its levels.

You collected 137 gold pieces.

Inventory:

Hand Weapons
 j - a +0 dagger
 v - a +0 quarterstaff (weapon)
Armour
 a - a +0 robe (worn)
Scrolls
 d - a scroll of noise {unknown}
 e - 7 scrolls of identify {unknown}
 g - a scroll of amnesia {unknown}
 i - a scroll of random uselessness {unknown}
 m - 2 scrolls of immolation {unknown}
 n - a scroll of remove curse {unknown}
 o - a scroll of enchant armour {unknown}
 q - 2 scrolls of teleportation {unknown}
 r - a scroll of magic mapping {unknown}
Potions
 h - a potion of mutation {unknown}
 k - a potion of curing
 l - a potion of agility {unknown}
 p - a potion of invisibility {unknown}
 s - a potion of magic
 t - a potion of berserk rage {unknown}
Books
 b - a book of Conjurations

   Spells                             Type                      Level
   a - Magic Dart                     Conjuration                  1
   b - Searing Ray                    Conjuration                  2
   c - Dazzling Spray                 Conjuration/Hexes            3
   d - Fulminant Prism                Conjuration/Hexes            4
   e - Iskenderun's Mystic Blast      Conjuration                  4
   f - Iskenderun's Battlesphere      Conjuration/Charms           5
Comestibles
 c - 3 bread rations
 f - a meat ration
 u - a slice of pizza


   Skills:
 - Level 2.4 Dodging
 - Level 2.4 Stealth
 + Level 7.1 Spellcasting
 + Level 7.1 Conjurations


You had 14 spell levels left.
You knew the following spells:

 Your Spells              Type           Power        Failure   Level  Hunger
a - Magic Dart            Conj           ####         1%          1    None
x - Iskenderun's Mystic   Conj           #####...     6%          4    ###....


Dungeon Overview and Level Annotations

Branches:
Dungeon (4/15)
 Temple: D:4-7

Altars:
Fedhas
Qazlal
Ru
Sif Muna


Message History

Casting: Magic Dart
Confirm with . or Enter, or press ? or * to list all spells.
Aiming: Magic Dart
Press: ? - help, Shift-Dir - straight line, f - gnoll
Aim: a gnoll, wielding a halberd The magic dart hits the gnoll.
The gnoll is lightly wounded.
The gnoll shouts!
The gnoll hits you from afar with a halberd.
The gnoll moves out of view.
Casting: Magic Dart
Confirm with . or Enter, or press ? or * to list all spells.
Aiming: Iskenderun's Mystic Blast
Press: ? - help, Shift-Dir - straight line, f/p - gnoll
Aim: a gnoll, wielding a halberd (lightly wounded)
You miscast Iskenderun's Mystic Blast.
You are very lightly contaminated with residual magic.
Strange energies run through your body.
The gnoll hits you from afar with a halberd!
You die...

...........##........##
..........## ##.....^...
....##....#####.....)...
...# #.................#
...............# #
#..............#..
#^...............
...............#
#...##....@..#.## ###..
##...)<.#.# .....
##...#g..# #...
#..#...g# #..#
##....###.# #..# #....##
$# #..## ##.##.# .#
#<..######..# ## .
#...........##


You could see 2 gnolls.

Vanquished Creatures
  The ghost of PeterLawrence the Cudgeler, an amateur GrFi (D:4)
  An ogre (D:4)
  An orc priest (D:4)
  Ijyb (D:2)
  2 worker ants
  4 adders
  4 gnolls
  2 worms (D:2)
  4 orcs
  4 giant cockroaches
  9 goblins
  10 hobgoblins
  3 jackals (D:4)
  A quokka (D:3)
  2 ball pythons (D:2)
  8 bats
  3 giant newts
  8 kobolds
  4 rats
72 creatures vanquished.

Notes
Turn   | Place    | Note
--------------------------------------------------------------
     0 | D:1      | lorenzova the Deep Elf Conjurer began the quest for the Orb.
     0 | D:1      | Reached XP level 1. HP: 10/10 MP: 6/6
   133 | D:1      | Reached XP level 2. HP: 15/15 MP: 2/8
   721 | D:2      | Reached skill level 5 in Conjurations
   801 | D:2      | Reached XP level 3. HP: 19/19 MP: 5/10
   905 | D:2      | Noticed Ijyb
  1435 | D:2      | Killed Ijyb
  1435 | D:2      | Reached XP level 4. HP: 17/24 MP: 0/12
  1441 | D:2      | Learned a level 4 spell: Iskenderun's Mystic Blast
  1707 | D:2      | Found a blossoming altar of Fedhas.
  1728 | D:2      | Found a stormy altar of Qazlal.
  1760 | D:3      | Found a deep blue altar of Sif Muna.
  1886 | D:3      | Reached skill level 5 in Spellcasting
  2136 | D:3      | Reached XP level 5. HP: 28/28 MP: 10/14
  2260 | D:3      | Reached skill level 6 in Conjurations
  2716 | D:4      | Noticed an ogre
  2721 | D:4      | Killed an ogre
  2986 | D:4      | Found a sacrificial altar of Ru.
  2994 | D:4      | Reached XP level 6. HP: 32/32 MP: 10/17
  3262 | D:4      | Noticed PeterLawrence's ghost (amateur GrFi)
  3272 | D:4      | Killed PeterLawrence's ghost
  3272 | D:4      | Reached skill level 7 in Spellcasting
  3332 | D:4      | Slain by a gnoll

Action                   |  1- 3 |  4- 6 || total
-------------------------+-------+-------++-------
Melee: Unarmed           |     2 |       ||     2
       Dagger            |     3 |     3 ||     6
       Quarterstaff      |       |     3 ||     3
 Cast: Magic Dart        |    86 |    75 ||   161
       Iskenderun's Myst |       |    10 ||    10
  Use: Potion            |       |     2 ||     2
 Stab: Sleeping          |       |     3 ||     3
  Eat: Chunk             |     1 |     7 ||     8
